 Dungeon Crawl Stone Soup version 0.20-a0-613-g92415a4 (webtiles) character file.

473078 shwouchk the Executioner (level 25, -24/202 HPs)
             Began as a Formicid Fighter on Feb 8, 2017.
             Was the Champion of Okawaru.
             Killed by a malign offering
             ... invoked by a deep elf high priest
              (28 damage)
             ... on level 5 of the Vaults.
             The game lasted 05:57:00 (57722 turns).

shwouchk the Executioner (Formicid Fighter)        Turns: 57722, Time: 05:57:00

Health: -24/202    AC: 38    Str: 24    XL:     25   Next: 60%
Magic:  29/35      EV: 20    Int: 32    God:    Okawaru [******]
Gold:   3094       SH: 26    Dex: 26    Spells: 5/41 levels left

rFire    + . .     SeeInvis +   a - +7 executioner's axe "Fyew" {protect, Int+4}
rCold    + + .     Gourm    .   B - +8 shadow dragon scales of a bailey {Int+5 Stlth++++}
rNeg     . . .     Faith    .   g - +5 shield of Okawaru's Benevolence {Int+2 Dex+5}
rPois    .         Spirit   .   (helmet unavailable)
rElec    +         Reflect  +   D - scarf {rC+ rF+}
rCorr    .         Harm     .   Z - +2 pair of gloves {Dex+3}
MR       ++...                  S - +2 pair of boots {Fly}
Stlth    ++++++....             U - +4 amulet of reflection
Regen    0.5/turn               K - ring "Seirghie" {*Drain +Inv rElec AC+6 Int+5}
                                n - ring "Qikoofid" {rC+ Str-3 Dex+4 Slay+4}

@: heroism, flying, very slightly contaminated, heavily drained
A: permanent stasis, dig shafts and tunnels, four strong arms, antennae 3,
clever 2, mutation resistance 1, screaming 1, strong 1, MP-powered wands
}: 3/15 runes: barnacled, slimy, gossamer
a: Dig, Shaft Self, Heroism, Finesse, Renounce Religion, Evoke Invisibility,
Stop Flying


You were on level 5 of the Vaults.
You worshipped Okawaru.
Okawaru was exalted by your worship.
You were not hungry.

You visited 9 branches of the dungeon, and saw 45 of its levels.
You visited the Abyss 1 time.
You also visited: Labyrinth, Ossuary and Ice Cave.

You collected 5467 gold pieces.
You spent 2373 gold pieces at shops.

Inventory:

Hand Weapons
 a - the +7 executioner's axe "Fyew" (weapon) {protect, Int+4}
   (Okawaru gifted it to you on level 4 of the Spider Nest)

   It protects the one who uses it against injury (+AC on strike).
   It affects your intelligence (+4).
 b - a +1 triple crossbow of velocity
 c - a +2 battleaxe of freezing
 e - a +6 executioner's axe of electrocution
 v - the +13 mace of Variability {chaos}
   (You found it on level 11 of the Dungeon)

   Each time it hits an enemy it has a different, random effect.
 x - a +3 battleaxe of flaming
 X - a +5 battleaxe of chopping
Missiles
 h - 1170 bolts
 J - 5 throwing nets (quivered)
Armour
 f - the +1 pair of gloves of Atitirchuaq {rPois rF+ rC+}
   (You found it on level 2 of the Abyss)

   It protects you from fire.
   It protects you from cold.
   It protects you from poison.
 g - the +5 shield of Okawaru's Benevolence (worn) {Int+2 Dex+5}
   (Okawaru gifted it to you on level 6 of the Lair of Beasts)

   It affects your intelligence (+2).
   It affects your dexterity (+5).
 w - a +1 large shield of reflection
 B - the +8 shadow dragon scales of a bailey (worn) {Int+5 Stlth++++}
   (You found it on level 5 of the Pits of Slime)

   It affects your intelligence (+5).
   It makes you much more stealthy.
 D - a scarf of resistance (worn)
 S - a +2 pair of boots of flying (worn)
 Y - the +2 shield of Resistance {rF+ rC+ MR+}
   (You found it on level 5 of the Pits of Slime)

   It protects you from fire.
   It protects you from cold.
   It affects your resistance to hostile enchantments.
 Z - a +2 pair of gloves of dexterity (worn)
Magical Staves
 V - an uncursed staff of earth
Jewellery
 n - the ring "Qikoofid" (left hand) {rC+ Str-3 Dex+4 Slay+4}
   (You took it off a deep elf master archer on level 3 of the Elven Halls)

   [ring of protection from cold]

   It affects your strength (-3).
   It affects your dexterity (+4).
   It affects your accuracy and damage with ranged weapons and melee attacks
   (+4).
   It protects you from cold.
 s - an uncursed ring of wizardry
 u - the ring "Ecoan" {rF+ rN+}
   (You took it off a deep elf high priest on level 3 of the Elven Halls)

   [ring of protection from fire]

   It protects you from fire.
   It protects you from negative energy.
 K - the ring "Seirghie" (right hand) {*Drain +Inv rElec AC+6 Int+5}
   (You bought it in a shop on level 2 of the Orcish Mines)

   [ring of protection]

   It affects your AC (+6).
   It affects your intelligence (+5).
   It insulates you from electricity.
   It lets you turn invisible.
   It causes draining when unequipped.
 U - a +4 amulet of reflection (around neck)
Wands
 P - a wand of disintegration (12/24)
Scrolls
 i - 6 scrolls of fear
 k - 21 scrolls of remove curse
 o - 6 scrolls of identify
 t - 4 scrolls of enchant armour
 C - 3 scrolls of fog
 H - a scroll of summoning
 N - 3 scrolls of holy word
 W - 3 scrolls of silence
Potions
 d - 13 potions of curing
 j - 4 potions of magic
 l - 3 potions of invisibility
 p - a potion of agility
 q - 4 potions of cancellation
 z - 12 potions of brilliance
 A - 3 potions of heal wounds
 F - 4 potions of might
 T - 7 potions of ambrosia
Miscellaneous
 M - a lightning rod (4/4)
 O - a lamp of fire
 Q - 2 phantom mirrors
 R - a phial of floods
Comestibles
 r - 12 fruits
 G - 14 bread rations


   Skills:
 * Level 17.4(19.1) Fighting
   Level 9.1(11.3) Long Blades
 + Level 22.2(23.4) Axes
 * Level 12.0(14.1) Crossbows
 + Level 2.8(5.4) Throwing
 * Level 14.3(16.2) Armour
 * Level 10.9(13.0) Dodging
 + Level 9.0(11.3) Stealth
 + Level 17.9(19.6) Shields
 + Level 0.6(3.3) Unarmed Combat
 * Level 8.9(6.4) Spellcasting
 + Level 3.6(1.5) Charms
 * Level 8.7(6.3) Earth Magic
 + Level 8.4(6.0) Invocations
 + Level 10.1(7.6) Evocations


You had 5 spell levels left.
You knew the following spells:

 Your Spells              Type           Power        Failure   Level  Hunger
a - Stone Arrow           Conj/Erth      ####..       17%         3    None
b - Lee's Rapid Deconstr  Erth           ######....   41%         5    ####...
c - Iron Shot             Conj/Erth      ####......   100%        6    ######.
d - Petrify               Tmut/Erth      ####....     54%         4    ##.....
e - Passwall              Tmut/Erth      ####......   10%         2    None
f - Tukima's Dance        Hex            ##......     56%         3    None
h - Passage of Golubria   Tloc           N/A          99%         4    ##.....
i - Portal Projectile     Tloc           ##....       56%         3    None
j - Infusion              Chrm           ###.         12%         1    None
k - Conjure Flame         Conj/Fire      ##......     56%         3    None
s - Swiftness             Chrm/Air       ###.....     21%         2    None


Dungeon Overview and Level Annotations

Branches:
Dungeon (15/15)            Temple (1/1) D:5            Lair (6/6) D:8
 Shoals (4/4) Lair:4       Spider (4/4) Lair:3        Slime (5/5) Lair:6
    Orc (2/2) D:11            Elf (3/3) Orc:2        Vaults (5/5) D:14
  Crypt (0/3) Vaults:2     Depths (0/5) D:15

Altars:
Ashenzari
Cheibriados
Dithmenos
Elyvilon
Gozag
Hepliaklqana
Kikubaaqudgha
Makhleb
Nemelex Xobeh
Okawaru
Qazlal
Ru
Sif Muna
Trog
Uskayaw
Vehumet
Xom
Yredelemnul
Zin
The Shining One
Beogh
Jiyva

Shops:
D:5 =   D:15 [   Orc:1 !   Orc:2 [(==   Vaults:1 %   Vaults:2 :

Portals:
Trove: Vaults:1 (give 15 potions of curing)

Annotations:
Vaults:5 confidenceinterval's ghost, legendary MiGl


Innate Abilities, Weirdness & Mutations

You cannot be hasted, slowed, berserked, paralysed or teleported.
You can dig through walls and to a lower floor.
Your four strong arms can wield two-handed weapons with a shield.
You have a pair of large antennae on your head. (SInv)
Your mind is very acute. (Int +4)
You are somewhat resistant to further mutation.
You occasionally shout uncontrollably at your foes.
Your muscles are strong. (Str +2)
You expend magic power (3 MP) to strengthen your wands.


Message History

Firing (i - inventory. (,) - cycle):
h - 1171 bolts (quivered)
Press: ? - help, Shift-Dir - straight line, f - lindwurm
Aim: a lindwurm shaped shifter You shoot a bolt.
The bolt hits the lindwurm!!
The lindwurm is severely wounded.
You hear a shout!
A deep elf high priest comes into view. It is wielding a scimitar.
The +7 executioner's axe "Fyew" {protect, Int+4} hums with potential!
a - the +7 executioner's axe "Fyew" (weapon)
{protect, Int+4} The deep elf high priest invokes the aid of its god against you.
Something smites you!
* * * LOW HITPOINT WARNING * * *
The deep elf high priest mumbles some strange prayers.
The deep elf high priest calls down the wrath of its god upon you.
The sphere of damnation explodes!
The damnation engulfs you!
* * * LOW HITPOINT WARNING * * *
You hear an angry hiss.
You hear a deafening roar!
The deep elf high priest utters a dark prayer and points at you.
Your life force is offered up.
You die...

########################
......(.)...........e..#
........).k.....@......#
###################....#
... ..# ... { # #.. { #
{ # #


You could see a lindwurm shaped shifter and a deep elf high priest.

Vanquished Creatures
  the Royal Jelly (Slime:5)
  Margery (Vaults:5)
  Frederick (Vaults:2)
  Saint Roka (Elf:3)
  The ghost of Soeti the Severer, a veteran DsBe of Trog (Vaults:4)
  Arachne (Spider:1)
  Jorgrun (Spider:3)
  Rupert (D:14)
  Asterion (Spider:1)
  A quicksilver dragon (Vaults:5)
  A titan (Vaults:5)
  A deep elf master archer (Elf:3)
  A deep elf blademaster (Elf:3)
  17 acid blobs
  3 sphinxes
  The ghost of Azzok the Executioner, an adept MiBe of Trog (Spider:4)
  A tentacled starspawn (Abyss:2)
  Kirke (Lair:4)
  2 shadow dragons
  Gastronok (D:11)
  A storm dragon (Vaults:3)
  Donald (Spider:1)
  2 tengu reavers (Vaults:5)
  8 azure jellies
  Ilsuiw (Shoals:4)
  The ghost of graki42 the Bludgeoner, a journeyman MiFi of the Shining One (Orc:2)
  9 vault wardens
  Roxanne (Elf:1)
  2 frost giants (Vaults:5)
  An iron dragon (Vaults:5)
  3 ghost moths (Spider:4)
  Louise (Elf:2)
  An orc warlord (Orc:2)
  6 deep elf sorcerers
  9 emperor scorpions
  An angel (Abyss:2)
  12 ironheart preservers
  10 deep elf elementalists
  2 war gargoyles (Vaults:5)
  5 entropy weavers
  8 very ugly things
  4 stone giants
  4 deep elf demonologists
  Azrael (Elf:1)
  A spark wasp (Spider:3)
  A lorocyproca (Abyss:2)
  10 deep elf annihilators
  Snorg (D:12)
  10 merfolk impalers
  6 deep elf death magi
  8 yaktaur captains
  3 death oozes
  3 merfolk javelineers (Shoals:4)
  2 ettins (Vaults:4)
  A minotaur (Lab)
  Josephine (D:12)
  A fire dragon (D:15)
  5 great orbs of eyes
  2 deep elf high priests (Elf:3)
  Erolcha (D:9)
  Harold (Orc:1)
  3 ice dragons
  A rakshasa (Abyss:2)
  9 hydras
  30 vault guards
  4 merfolk aquamancers
  A catoblepas (Lair:6)
  34 two-headed ogres
  Erica (D:9)
  4 satyrs
  3 death knights
  6 merfolk avatars
  An alligator (Lair:6)
  3 centaur warriors
  2 alligator snapping turtles (Shoals:4)
  10 ogre magi
  33 dancing weapons
  4 death yaks (Lair:6)
  A queen ant (Spider:2)
  A deep troll earth mage (Vaults:5)
  2 tengu warriors
  Nergalle (D:11)
  A thrashing horror (Abyss:2)
  3 orc high priests
  A storm dragon zombie (Vaults:5)
  A hell knight (Vaults:5)
  A wretched star (Abyss:2)
  17 deep elf knights
  6 small abominations
  2 unseen horrors
  2 shadow wraiths
  6 skeletal warriors
  A storm dragon skeleton (Vaults:2)
  3 flayed ghosts
  2 sixfirhies (Abyss:2)
  5 deep trolls
  14 sea snakes
  A spark wasp zombie (D:15)
  A deep troll (shapeshifter) (Vaults:1)
  2 phantasmal warriors (Vaults:5)
  An obsidian statue (Vaults:3)
  An orange crystal statue (Elf:2)
  10 harpies
  11 orc knights
  4 wizards
  15 deep elf archers
  41 ugly things
  20 ironbrand convokers
  A fire giant zombie (D:15)
  21 orb spiders
  8 necromancers
  A wolf spider zombie (D:14)
  9 fauns
  3 orc sorcerers
  6 shining eyes
  29 wolf spiders
  2 tengu skeletons (Vaults:2)
  54 deep elf magi
  A sphinx skeleton (Vaults:2)
  5 large abominations
  14 manticores
  An elf zombie (D:15)
  7 cyclopes
  4 water nymphs
  A guardian serpent (Lair:6)
  2 moths of wrath
  10 merfolk sirens
  2 eyes of devastation
  9 black mambas
  A guardian serpent (shapeshifter) (Vaults:4)
  2 ice statues (IceCv)
  2 smoke demons (Abyss:2)
  A torpor snail (Spider:3)
  A frost giant skeleton (Abyss:2)
  13 spiny frogs
  15 vault sentinels
  2 rime drakes
  4 centaur skeletons
  28 yaktaurs
  2 yaktaurs (shapeshifter)
  6 komodo dragons
  3 kobold demonologists (D:14)
  4 freezing wraiths
  2 tengu conjurers
  A redback zombie (D:15)
  2 ice devils (IceCv)
  A guardian mummy (D:15)
  10 demonic crawlers
  4 ancient zymes (Abyss:2)
  4 tyrant leeches
  11 polar bears
  A yaktaur skeleton (Vaults:2)
  51 jumping spiders
  14 merfolk
  6 wind drakes
  2 wind drakes (shapeshifter)
  8 trolls
  A meliai (shapeshifter) (D:15)
  15 hippogriffs
  20 blink frogs
  4 raiju
  80 slime creatures
  14 hornets
  14 dream sheep
  A spriggan zombie (D:15)
  15 snapping turtles
  5 air elementals
  A stone giant simulacrum (Vaults:5)
  A redback (shapeshifter) (Vaults:5)
  29 tarantellas
  70 redbacks
  10 wyverns
  13 water elementals
  A yak (shapeshifter) (Vaults:3)
  28 yaks
  2 vampires
  2 hogs (shapeshifter)
  A basilisk (shapeshifter) (Vaults:2)
  2 tarantellas (shapeshifter)
  7 hogs (Lair:4)
  6 fire elementals
  A shadow (D:13)
  6 wraiths
  16 humans (D:14)
  A golden eye (Slime:1)
  3 basilisks
  4 vampire mosquitoes (D:15)
  2 hungry ghosts
  A fire bat (shapeshifter) (Vaults:4)
  Grum (D:9)
  2 chaos spawn (D:11)
  Edmund (D:4)
  10 wargs
  26 soldier ants
  25 water moccasins
  2 acid dragons
  14 hell hounds
  6 porcupines
  44 orc warriors
  2 floating eyes
  5 eyes of draining
  An ice beast (D:8)
  3 sky beasts
  15 black bears
  5 necrophages
  36 ogres
  24 wolves
  A phantom (D:9)
  3 centaurs
  12 crocodiles
  3 big kobolds
  An orc skeleton (Vaults:2)
  17 bullfrogs
  A big kobold (shapeshifter) (Elf:1)
  6 human skeletons (Vaults:2)
  A wyvern zombie (D:14)
  10 earth elementals
  8 scorpions
  25 killer bees
  5 wights (D:13)
  3 electric eels
  6 howler monkeys
  3 lava snakes (Lair:6)
  6 crimson imps
  7 centaur zombies
  A quasit (Abyss:2)
  2 bullfrog zombies (D:5)
  11 hounds
  7 jellies
  32 orc priests
  2 bullfrog skeletons (D:10)
  An iron imp (Abyss:2)
  37 orc wizards
  A gnoll shaman (D:8)
  22 worker ants
  4 troll simulacra (IceCv)
  A big kobold zombie (Ossuary)
  2 centaur simulacra (IceCv)
  A hound zombie (D:7)
  2 hound skeletons
  8 mummies (Ossuary)
  A howler monkey zombie (D:9)
  A worker ant zombie (D:9)
  4 gnolls (D:8)
  3 naga simulacra (IceCv)
  An ogre simulacrum (IceCv)
  11 adders
  A howler monkey skeleton (D:5)
  2 shadow imps
  8 oozes
  An adder skeleton (D:4)
  2 worms (D:3)
  3 dart slugs
  4 leopard geckos
  145 orcs
  7 giant cockroaches
  2 gnoll zombies (Ossuary)
  5 goblins
  6 hobgoblins
  5 iguanas
  20 kobolds
  7 quokkas
  7 bats
  3 frilled lizards
  3 hobgoblin zombies (Ossuary)
  A jackal zombie (D:5)
  A kobold zombie (Ossuary)
  An orc zombie (Ossuary)
  2 quokka skeletons
  5 rats
  5 fungi
  9 plants
  A withered plant (D:5)
2034 creatures vanquished.

Vanquished Creatures (collateral kills)
  A deep elf knight (Elf:2)
  A shining eye (Slime:3)
2 creatures vanquished.

Vanquished Creatures (others)
  A deep elf master archer (Elf:3)
  A vault warden (Vaults:5)
  Nessos (D:14)
  2 merfolk javelineers (Shoals:4)
  2 vault guards
  A deep elf knight (Elf:2)
  An ironbrand convoker (Vaults:5)
  A wizard (Vaults:1)
  3 deep elf archers
  An orc sorcerer (Elf:2)
  An orb spider (Spider:1)
  2 manticores
  7 deep elf magi
  A guardian serpent (shapeshifter) (Vaults:3)
  A vault sentinel (Vaults:5)
  10 yaktaurs
  A merfolk (Shoals:1)
  An orc warrior (D:15)
  An ogre (Vaults:4)
  2 centaurs (D:14)
  An orc wizard (Vaults:3)
  2 orcs
  A crawling corpse (Elf:3)
  28 fungi
  25 plants
  2 starspawn tentacles (Abyss:2)
100 creatures vanquished.

Grand Total: 2136 creatures vanquished

Notes
Turn   | Place    | Note
-------+----------+-------------------------------------------
     0 | D:1      | shwouchk the Formicid Fighter began the quest for the Orb.
     0 | D:1      | Reached XP level 1. HP: 18/18 MP: 1/1
    64 | D:1      | Reached XP level 2. HP: 10/24 MP: 2/2
   688 | D:1      | Reached XP level 3. HP: 29/29 MP: 3/3
  1076 | D:2      | Reached skill level 1 in Stealth
  1120 | D:2      | Reached skill level 1 in Dodging
  1660 | D:3      | Reached XP level 4. HP: 36/36 MP: 4/4
  1792 | D:3      | Found a hide-covered altar of Uskayaw.
  1794 | D:3      | Noticed a dagger
  1795 | D:3      | Noticed a hand axe
  2315 | D:3      | Reached XP level 5. HP: 35/42 MP: 5/5
  2769 | D:3      | Found a shimmering altar of Xom.
  2971 | D:4      | Found a sand-covered staircase.
  2979 | Ossuary  | Entered an ossuary
  3001 | Ossuary  | Reached XP level 6. HP: 19/48 MP: 6/6
  3423 | D:4      | Found a snail-covered altar of Cheibriados.
  3552 | D:4      | Noticed Edmund
  3562 | D:4      | Noticed an ogre
  3574 | D:4      | Killed Edmund
  3574 | D:4      | Reached XP level 7. HP: 32/54 MP: 7/7
  3855 | D:4      | Gained mutation: You occasionally shout uncontrollably at your foes. [potion of mutation]
  3855 | D:4      | Gained mutation: Your mind is acute. (Int +2) [potion of mutation]
  3855 | D:4      | Gained mutation: Your mind is very acute. (Int +4) [potion of mutation]
  4112 | D:4      | Reached skill level 5 in Long Blades
  4112 | D:4      | Reached XP level 8. HP: 54/60 MP: 8/8
  4376 | D:5      | Entered Level 5 of the Dungeon
  4471 | D:5      | Found Doydyc's Jewellery Shop.
  4480 | D:5      | Found a shattered altar of Ashenzari.
  4583 | D:5      | Found a staircase to the Ecumenical Temple.
  4596 | Temple   | Entered the Ecumenical Temple
  4660 | Temple   | Became a worshipper of Warmaster Okawaru
  4719 | D:5      | Found a basalt altar of Yredelemnul.
  4733 | D:5      | Reached skill level 5 in Shields
  5234 | D:5      | Bought a +3 ring of evasion for 210 gold pieces
  6019 | D:6      | Found a shadowy altar of Dithmenos.
  6195 | D:6      | Reached skill level 1 in Throwing
  6195 | D:6      | Reached skill level 1 in Invocations
  6256 | D:7      | Reached * piety under Okawaru
  6429 | D:6      | Reached XP level 9. HP: 59/66 MP: 10/10
  6435 | D:6      | Reached skill level 5 in Armour
  6622 | D:7      | Found a hazy altar of Hepliaklqana.
  6625 | D:7      | Found a sparkling altar of Nemelex Xobeh.
  6745 | D:7      | Reached skill level 5 in Fighting
  6766 | D:7      | Learned a level 3 spell: Stone Arrow
  6772 | D:7      | Learned a level 5 spell: Lee's Rapid Deconstruction
  7320 | D:8      | Noticed a two-headed ogre
  7336 | D:8      | HP: 3/68 [two-headed ogre/giant spiked club (20)]
  7337 | D:8      | Killed a two-headed ogre
  7337 | D:8      | Reached ** piety under Okawaru
  7337 | D:8      | Reached skill level 1 in Spellcasting
  7703 | D:8      | Noticed a hippogriff
  7933 | D:8      | Noticed a troll
  8100 | D:9      | Noticed Grum
  8131 | D:8      | Reached XP level 10. HP: 30/74 MP: 13/13
  8354 | D:9      | Killed Grum
  8492 | D:8      | Found a hazy altar of Hepliaklqana.
  8591 | D:8      | Reached skill level 5 in Dodging
  8659 | D:8      | Found a staircase to the Lair.
  8786 | D:8      | Reached *** piety under Okawaru
  8873 | D:8      | Found a deep blue altar of Sif Muna.
  8873 | D:8      | Found a radiant altar of Vehumet.
  8874 | D:8      | Found an opulent altar of Gozag.
  9351 | Lair:1   | Entered Level 1 of the Lair of Beasts
  9351 | Lair:1   | Noticed a komodo dragon
  9383 | D:8      | Killed a komodo dragon
  9565 | Lair:1   | Reached skill level 5 in Invocations
  9580 | Lair:1   | Found a labyrinth entrance.
  9580 | Lair:1   | Noticed a spiny frog
  9581 | Lair:1   | Noticed a black mamba
  9594 | Lair:1   | Killed a spiny frog
  9605 | Lair:1   | Killed a black mamba
  9605 | Lair:1   | Reached **** piety under Okawaru
  9605 | Lair:1   | Reached skill level 5 in Earth Magic
  9615 | Lab      | Entered a labyrinth
  9785 | Lab      | Reached XP level 11. HP: 27/81 MP: 17/17
 10097 | Lab      | Noticed a minotaur
 10111 | Lab      | Killed a minotaur
 10117 | Lab      | Got a polished battleaxe {elec}
 10133 | Lab      | Identified the Catalogue of Earth
 10136 | Lab      | Identified the Tome of Venom
 10138 | Lab      | Got a distressingly furry robe
 10155 | Lab      | Identified the cursed +2 battleaxe "Roekaigo" {elec, MR+} (You took it off a minotaur in a labyrinth)
 10167 | Lab      | Identified the +2 robe of Decompression {Dex+2} (You found it in a labyrinth)
 10188 | Lair:1   | Learned a level 6 spell: Iron Shot
 10193 | Lair:1   | Learned a level 4 spell: Petrify
 10530 | Lair:1   | Reached skill level 1 in Axes
 10807 | Lair:1   | Reached skill level 2 in Axes
 10861 | Lair:1   | Reached skill level 3 in Axes
 11859 | Lair:2   | Noticed a seven-headed hydra
 12026 | Lair:2   | Reached ***** piety under Okawaru
 12026 | Lair:2   | Reached skill level 4 in Axes
 12425 | Lair:3   | Found a hole to the Spider Nest.
 13807 | Lair:4   | Reached XP level 12. HP: 86/89 MP: 18/18
 13815 | Lair:4   | Reached skill level 5 in Axes
 13936 | Lair:4   | Noticed Kirke
 13964 | Lair:4   | Killed Kirke
 14008 | Lair:4   | Noticed a six-headed hydra
 14145 | Lair:4   | Received a gift from Okawaru
 14145 | Lair:4   | Reached skill level 6 in Axes
 14395 | Lair:4   | Got an ancient ring mail
 14419 | Lair:4   | Identified the +3 ring mail of the Thirsty Beds {+Fly rElec rPois} (You found it on level 4 of the Lair of Beasts)
 15077 | Lair:4   | Noticed an eight-headed hydra
 15082 | Lair:4   | You fall through a shaft!
 15133 | Lair:5   | Received a gift from Okawaru
 15582 | Lair:5   | Reached skill level 7 in Axes
 15638 | Lair:5   | Received a gift from Okawaru
 16217 | Lair:6   | Entered Level 6 of the Lair of Beasts
 16683 | Lair:6   | Noticed a catoblepas
 16709 | Lair:6   | Killed a catoblepas
 16709 | Lair:6   | Reached skill level 8 in Axes
 16774 | Lair:5   | Reached XP level 13. HP: 25/96 MP: 19/19
 16777 | Lair:5   | Reached ****** piety under Okawaru
 17884 | Lair:6   | Reached skill level 9 in Axes
 18043 | Lair:6   | Noticed a six-headed hydra
 18218 | Lair:5   | Received a gift from Okawaru
 18226 | Lair:5   | Reached skill level 10 in Shields
 18423 | Lair:5   | Got a twisted scale mail {god gift}
 18434 | Lair:5   | Identified the +4 scale mail of Hewnoit {Stlth+} (Okawaru gifted it to you on level 5 of the Lair of Beasts)
 18997 | Lair:2   | Killed a seven-headed hydra
 19075 | Lair:1   | Learned a level 2 spell: Passwall
 19103 | D:9      | Noticed Erolcha
 19113 | D:9      | Killed Erolcha
 19718 | D:9      | Noticed Erica
 19729 | D:9      | Killed Erica
 19729 | D:9      | Reached skill level 10 in Axes
 20314 | D:9      | Gained mutation: Your muscles are strong. (Str +2) [mutagenic meat]
 20315 | D:9      | Gained mutation: You expend magic power (3 MP) to strengthen your wands. [mutagenic meat]
 20317 | D:9      | Gained mutation: You have an increased reservoir of magic. (+10% MP) [mutagenic meat]
 20318 | D:9      | Gained mutation: You are somewhat resistant to further mutation. [mutagenic meat]
 20482 | D:10     | Entered Level 10 of the Dungeon
 21309 | D:11     | Found a shimmering altar of Xom.
 21309 | D:11     | Noticed Nergalle
 21310 | D:11     | Noticed Gastronok
 21324 | D:11     | Killed Nergalle
 21324 | D:11     | Received a gift from Okawaru
 21324 | D:11     | Reached XP level 14. HP: 90/106 MP: 16/22
 21343 | D:11     | Killed Gastronok
 21450 | D:11     | Reached skill level 11 in Axes
 21508 | D:11     | Reached skill level 5 in Stealth
 21517 | D:11     | Found a frozen archway.
 21541 | IceCv    | Entered an ice cave
 21927 | IceCv    | Got a shimmering leather armour
 21938 | IceCv    | Identified the +0 leather armour of Mekkorru {rC+ MP+9 Str-2 Int+5} (You found it in an ice cave)
 22071 | D:11     | Found a staircase to the Orcish Mines.
 22624 | Orc:1    | Entered Level 1 of the Orcish Mines
 22917 | Orc:1    | Found Raocamm's Distillery.
 22928 | Orc:1    | Noticed Harold
 22948 | Orc:1    | Killed Harold
 23171 | Orc:2    | Entered Level 2 of the Orcish Mines
 23442 | Orc:1    | Reached skill level 12 in Axes
 23641 | Orc:2    | Found a roughly hewn altar of Beogh.
 23658 | Orc:2    | Found Tyecoiby's Jewellery Shoppe.
 23685 | Orc:2    | Found a roughly hewn altar of Beogh.
 23708 | Orc:2    | Found a roughly hewn altar of Beogh.
 23802 | Orc:2    | Noticed graki42's ghost (journeyman MiFi)
 23835 | Orc:2    | Killed graki42's ghost
 23956 | Orc:2    | Found a roughly hewn altar of Beogh.
 24177 | Orc:2    | Found a roughly hewn altar of Beogh.
 24199 | Orc:2    | Found a staircase to the Elven Halls.
 24322 | Orc:2    | Found a roughly hewn altar of Beogh.
 24355 | Orc:2    | Found a roughly hewn altar of Beogh.
 24374 | Orc:2    | Found Mucvin's Jewellery Boutique.
 24518 | Orc:2    | Noticed an orc warlord
 24627 | Orc:2    | Received a gift from Okawaru
 24654 | Orc:2    | Killed an orc warlord
 24666 | Orc:2    | Got a faintly humming crystal plate armour {god gift}
 24688 | Orc:2    | Identified the +8 crystal plate armour "Atuexef" {rPois Regen+ rCorr Str-5} (Okawaru gifted it to you on level 2 of the Orcish Mines)
 24868 | Orc:2    | Found Zaynor's Antique Armour Emporium.
 24870 | Orc:2    | Found a roughly hewn altar of Beogh.
 24890 | Orc:2    | Found Dun Uffu's Antique Weapon Shoppe.
 24907 | Orc:2    | Bought an ivory halberd for 297 gold pieces
 24907 | Orc:2    | Identified the cursed +0 halberd of Descent {chop, Int+3 Dex+6} (You bought it in a shop on level 2 of the Orcish Mines)
 25111 | Orc:2    | Bought a +4 amulet of reflection for 351 gold pieces
 25425 | D:12     | Noticed Josephine
 25439 | D:12     | Killed Josephine
 25439 | D:12     | Reached XP level 15. HP: 91/114 MP: 23/23
 25443 | D:12     | Noticed Snorg
 25453 | D:12     | Killed Snorg
 25453 | D:12     | Reached skill level 13 in Axes
 26664 | D:14     | Reached skill level 10 in Fighting
 26772 | D:14     | Noticed Nessos
 26803 | D:14     | Received a gift from Okawaru
 26806 | D:14     | Noticed Rupert
 26814 | D:14     | Killed Nessos
 26846 | D:14     | Killed Rupert
 26846 | D:14     | Reached skill level 14 in Axes
 26957 | D:14     | Found a gate to the Vaults.
 27561 | Orc:2    | Bought the ring "Seirghie" {*Drain +Inv rElec AC+6 Int+5} for 1335 gold pieces
 27584 | Orc:2    | Received a gift from Okawaru
 27587 | Orc:2    | Got a dazzling great sword {god gift}
 27588 | Orc:2    | Identified the +1 great sword "Quzxomyf" {venom, Int+2 Dex+3} (Okawaru gifted it to you on level 2 of the Orcish Mines)
 27992 | Spider:1 | Entered Level 1 of the Spider Nest
 28110 | Spider:1 | Noticed Donald
 28126 | Spider:1 | Killed Donald
 28126 | Spider:1 | Reached skill level 1 in Crossbows
 28261 | Spider:1 | Reached XP level 16. HP: 105/124 MP: 24/24
 28376 | Spider:1 | Found a roughly hewn altar of Beogh.
 29001 | Lair:6   | Received a gift from Okawaru
 29297 | Lair:6   | Reached skill level 15 in Axes
 29541 | Lair:6   | Received a gift from Okawaru
 29553 | Lair:6   | Got a crude shield {god gift}
 29559 | Lair:6   | Identified the +5 shield of Okawaru's Benevolence {Int+2 Dex+5} (Okawaru gifted it to you on level 6 of the Lair of Beasts)
 29938 | Lair:6   | Found a viscous altar of Jiyva.
 29938 | Lair:6   | Found a staircase to the Slime Pits.
 30721 | Lair:4   | Found a staircase to the Shoals.
 30908 | Spider:2 | Noticed Asterion
 30922 | Spider:2 | Noticed Arachne
 30936 | Spider:2 | Noticed an Executioner
 30953 | Spider:1 | Killed Arachne
 30953 | Spider:1 | Reached XP level 17. HP: 46/132 MP: 19/26
 30956 | Spider:1 | Killed Asterion
 31309 | Spider:2 | Reached skill level 5 in Crossbows
 31378 | Spider:2 | Reached skill level 1 in Evocations
 31596 | Spider:2 | Received a gift from Okawaru
 31603 | Spider:2 | Identified a scroll of acquirement
 31829 | Spider:2 | Reached skill level 16 in Axes
 31947 | Spider:2 | Received a gift from Okawaru
 31959 | Spider:2 | Got a scorched war axe {god gift}
 31960 | Spider:2 | Identified the +0 war axe "Ipsudett" {venom, rC+} (Okawaru gifted it to you on level 2 of the Spider Nest)
 32374 | Spider:2 | Reached skill level 10 in Armour
 33595 | Spider:3 | Received a gift from Okawaru
 33668 | Spider:3 | Noticed Jorgrun
 33685 | Spider:3 | Killed Jorgrun
 34066 | Spider:3 | Reached XP level 18. HP: 132/140 MP: 27/27
 34720 | Spider:3 | Learned a level 3 spell: Tukima's Dance
 34985 | Spider:4 | Entered Level 4 of the Spider Nest
 35018 | Spider:4 | Reached skill level 15 in Shields
 35040 | Spider:4 | Received a gift from Okawaru
 35042 | Spider:4 | Got a fine executioner's axe {god gift}
 35043 | Spider:4 | Identified the +7 executioner's axe "Fyew" {protect, Int+4} (Okawaru gifted it to you on level 4 of the Spider Nest)
 35321 | Spider:4 | Noticed Azzok's ghost (adept MiBe)
 35350 | Spider:4 | Killed Azzok's ghost
 35641 | Spider:4 | Reached skill level 17 in Axes
 35642 | Spider:4 | Received a gift from Okawaru
 35696 | Spider:3 | Reached skill level 5 in Evocations
 36182 | Spider:4 | Got a gossamer rune of Zot
 36545 | Shoals:1 | Entered Level 1 of the Shoals
 36558 | Shoals:1 | Learned a level 2 spell: Swiftness
 37388 | Shoals:1 | Reached XP level 19. HP: 25/148 MP: 26/28
 37772 | Vaults:1 | Entered Level 1 of the Vaults
 37781 | Vaults:1 | Received a gift from Okawaru
 37976 | Vaults:1 | Found a portal to a secret trove of treasure.
 38288 | Vaults:1 | Received a gift from Okawaru
 38523 | Vaults:1 | Received a gift from Okawaru
 38864 | Vaults:1 | Found Fimpabb's Food Shoppe.
 39108 | Vaults:2 | Reached skill level 18 in Axes
 39417 | Vaults:2 | Found Eschemem's Book Shop.
 39551 | Vaults:2 | Noticed Frederick
 39574 | Vaults:2 | Killed Frederick
 40042 | Vaults:2 | Received a gift from Okawaru
 40117 | Vaults:2 | Reached XP level 20. HP: 157/157 MP: 29/29
 40189 | Vaults:2 | Found a staircase to the Crypt.
 40517 | Vaults:3 | Received a gift from Okawaru
 40910 | Vaults:3 | Reached skill level 19 in Axes
 42168 | Vaults:4 | Received a gift from Okawaru
 42288 | Vaults:4 | Reached XP level 21. HP: 123/165 MP: 30/30
 42435 | Vaults:4 | Received a gift from Okawaru
 42522 | Vaults:4 | Received a gift from Okawaru
 42530 | Vaults:4 | Received a gift from Okawaru
 42573 | Vaults:4 | Reached skill level 20 in Axes
 42948 | Vaults:4 | Noticed Soeti's ghost (veteran DsBe)
 43007 | Vaults:4 | Killed Soeti's ghost
 43787 | D:15     | Entered Level 15 of the Dungeon
 43846 | D:15     | Found Game's Antique Armour Shoppe.
 44094 | D:15     | Found a staircase to the Depths.
 44201 | D:15     | Received a gift from Okawaru
 44753 | Slime:1  | Entered Level 1 of the Pits of Slime
 44831 | Slime:1  | Reached skill level 15 in Fighting
 45147 | Slime:2  | Reached XP level 22. HP: 174/174 MP: 21/32
 45217 | Slime:3  | Received a gift from Okawaru
 45289 | Slime:3  | Lost mutation: You have an increased reservoir of magic. (+10% MP) [a shining eye]
 45436 | Slime:4  | Reached skill level 10 in Crossbows
 45533 | Slime:5  | Entered Level 5 of the Pits of Slime
 45548 | Slime:4  | Reached skill level 5 in Spellcasting
 45852 | Slime:5  | Found a viscous altar of Jiyva.
 45852 | Slime:5  | Noticed the Royal Jelly
 45868 | Slime:5  | Killed the Royal Jelly
 46502 | Slime:4  | Reached skill level 21 in Axes
 46730 | Slime:4  | Received a gift from Okawaru
 46846 | Slime:5  | Identified the Papyrus of Enthralling Transformation
 46966 | Slime:5  | Learned a level 4 spell: Passage of Golubria
 46971 | Slime:5  | Learned a level 3 spell: Portal Projectile
 46984 | Slime:5  | Got a slimy rune of Zot
 47028 | Slime:5  | Identified the cursed +1 hunting sling of Eternal Harmony {velocity, rPois rC+} (You found it on level 5 of the Pits of Slime)
 47063 | Slime:5  | Got crude shadow dragon scales
 47074 | Slime:5  | Identified the +8 shadow dragon scales of a bailey {Int+5 Stlth++++} (You found it on level 5 of the Pits of Slime)
 48054 | Shoals:2 | Reached skill level 1 in Charms
 48823 | Shoals:3 | Got a smoking war axe
 48824 | Shoals:3 | Identified the +5 war axe of the Apocalypse {venom, *Slow Fragile rPois SInv} (You found it on level 3 of the Shoals)
 49474 | Shoals:4 | Entered Level 4 of the Shoals
 49695 | Shoals:4 | Reached XP level 23. HP: 155/182 MP: 32/32
 49779 | Shoals:4 | Noticed Ilsuiw
 49809 | Shoals:4 | Killed Ilsuiw
 50052 | Shoals:4 | Got a barnacled rune of Zot
 50490 | Shoals:4 | Got a dazzling cloak
 50491 | Shoals:4 | Identified the -7 cloak of the Several Stars {+Blink Int+3} (You found it on level 4 of the Shoals)
 50591 | Shoals:4 | Reached skill level 10 in Evocations
 51150 | Orc:1    | Bought a potion of cancellation for 80 gold pieces
 51150 | Orc:1    | Bought a potion of might for 40 gold pieces
 51150 | Orc:1    | Bought a potion of curing for 30 gold pieces
 51150 | Orc:1    | Bought a potion of curing for 30 gold pieces
 51197 | Elf:1    | Entered Level 1 of the Elven Halls
 51391 | Elf:1    | Identified the Compendium of Stolen Souls
 51505 | Elf:1    | Noticed Azrael
 51518 | Elf:1    | Killed Azrael
 51607 | Elf:1    | Found a radiant altar of Vehumet.
 51662 | Elf:1    | Received a gift from Okawaru
 51670 | Elf:1    | Noticed Roxanne
 51694 | Elf:1    | Killed Roxanne
 51695 | Elf:1    | Identified Roxanne's Reference Book on Stones (You took it off Roxanne on level 1 of the Elven Halls)
 52295 | Elf:2    | Found a runed gate.
 52297 | Elf:2    | Found a runed gate.
 52298 | Elf:2    | Found a runed gate.
 52737 | Elf:2    | Noticed Louise
 52772 | Elf:2    | Killed Louise
 52773 | Elf:2    | Received a gift from Okawaru
 52816 | Elf:2    | Reached skill level 10 in Dodging
 52870 | Elf:2    | Reached XP level 24. HP: 190/190 MP: 33/33
 52951 | Elf:2    | Received a gift from Okawaru
 53736 | Elf:3    | Entered Level 3 of the Elven Halls
 54552 | Elf:3    | Noticed Saint Roka
 54566 | Elf:3    | Killed Saint Roka
 55217 | Elf:3    | Identified the ring "Ecoan" {rF+ rN+} (You took it off a deep elf high priest on level 3 of the Elven Halls)
 55722 | Elf:3    | Received a gift from Okawaru
 55904 | Elf:3    | Identified the ring "Qikoofid" {rC+ Str-3 Dex+4 Slay+4} (You took it off a deep elf master archer on level 3 of the Elven Halls)
 56057 | Elf:3    | Identified the Compendium of the Disturbing Ships
 56059 | Elf:3    | Identified the Grimoire of Envenoming and Talismans
 56062 | Elf:3    | Learned a level 1 spell: Infusion
 56067 | Elf:3    | Learned a level 3 spell: Conjure Flame
 56070 | Elf:3    | Identified the cursed +0 ice dragon scales of Mopewomi {rElec rPois rF- rC++ MR- Int+6} (You found it on level 3 of the Elven Halls)
 56638 | Vaults:3 | Identified the +4 flail "Vuroyvao" {protect, +Fly MP+9} (You found it on level 3 of the Vaults)
 56737 | Vaults:5 | Entered Level 5 of the Vaults
 56740 | Vaults:5 | Noticed confidenceinterval's ghost (legendary MiGl)
 56759 | Vaults:5 | Reached skill level 22 in Axes
 56781 | Vaults:5 | Received a gift from Okawaru
 56798 | Vaults:5 | Cast into level 2 of the Abyss (a deep elf sorcerer)
 56818 | Abyss:2  | Got a pair of smoking gloves
 56819 | Abyss:2  | Identified the +1 pair of gloves of Atitirchuaq {rPois rF+ rC+} (You found it on level 2 of the Abyss)
 56927 | Abyss:2  | Reached XP level 25. HP: 96/200 MP: 35/35
 57350 | Abyss:2  | Received a gift from Okawaru
 57585 | Vaults:5 | Escaped the Abyss
 57603 | Vaults:5 | Noticed Margery
 57625 | Vaults:5 | Killed Margery
 57633 | Vaults:5 | Received a gift from Okawaru
 57721 | Vaults:5 | HP: 4/202 [deep elf high priest/damnation (40)]
 57722 | Vaults:5 | Killed from afar by a deep elf high priest

Vault maps used:
D:1:      matt_arrival_refuge
D:3:      dancing_weapons_uskayaw, eino_tiny_chamber, dk_xom_monty_hall
D:4:      cheibriados_altar_1, chequers_ossuary_entry_cave, first_bread,
          uniq_edmund
D:5:      ashenzari_conservatory_becter, yredelemnul_altar_generic,
          minmay_temple_entry_fiery, serial_shops, shop, st_stairs_11
D:6:      lemuel_coloured_pillars_altar
D:7:      overflow_temple_1_default, basic_altar
D:8:      lemuel_crystal_altar, gammafunk_temple_overflow_forgotten,
          erik_lair_island
D:9:      hangedman_little_slice_of_home, dk_noncrumbling_4,
          kennysheep_small_spiral, uniq_erolcha, uniq_erica, uniq_grum
D:11:     david_orc_3, portal_ice_cave_entry_pillars_2,
          minmay_guarded_unrand_variability, uniq_gastronok, uniq_nergalle
D:12:     serial_curves, eino_curves_04, eino_curves_03, eino_curves_02,
          kb_tengu_band, uniq_josephine, uniq_snorg
D:14:     david_vaults_3, minmay_fountain_box
D:15:     gammafunk_depths_entry_grave, serial_shops, shop_statue
Temple:   jpeg_temple_clearing
Lair:1:   lab_entry_generic
Lair:2:   bh_autumn_forest_stairs, serial_bayou_shore_b, grunt_megastairs_2
Lair:3:   spider_nest_entry_web_field
Lair:4:   elwin_shoals_entry_rooms, uniq_kirke
Lair:5:   gammafunk_lair_bear_cave
Lair:6:   hangedman_lair_tendril_chambers, hangedman_lair_caniforms_friends,
          dpeg_slime_entry_enclosed_altar, disabler_island
Shoals:1: abandoned_shop, hangedman_shoals_cup_caves
Shoals:3: nicolae_shoals_cliffside_cave
Shoals:4: shoals_end_simple, shoals_ilsuiw_alternative
Spider:1: nicolae_spider_mines_2, uniq_donald
Spider:2: minivault_29, uniq_arachne, uniq_asterion
Spider:3: spiders_nest_scorpion_pit, hangedman_stitches_earthworm, uniq_jorgrun
Spider:4: grunt_spider_rune_circles
Slime:1:  basic_altar
Orc:1:    serial_shops, nicolae_shop_crystal, uniq_harold
Orc:2:    grunt_orc_community_town_hall, grunt_orc_community_big_house_2,
          grunt_orc_community_big_house_2, grunt_orc_community_house_1,
          grunt_orc_community_house_3, grunt_orc_community_house_1,
          grunt_orc_community_house_3, grunt_orc_community_house_2,
          grunt_orc_community_house_3
Elf:1:    eino_elf_arrival_sip, basic_altar, minmay_elf_necromancy, uniq_azrael,
          uniq_roxanne
Elf:2:    minivault_16, stair_cage_wide, st_stairs_4, uniq_louise
Elf:3:    elf_hall_gauntlet_narrow, uniq_saint_roka
Vaults:1: nicolae_vaults_puzzle_piece, st_check, v_pattern_1,
          ontoclasm_vaults_chip, nicolae_vaults_shelves_hall,
          hangedman_vaults_cutoff, v_alt_pattern_3, nicolae_vaults_network_star,
          v_misc_11, v_alt_pattern_1, nicolae_vaults_little_squares_3,
          vaults_room_pool, nicolae_trove_entry_crystal, serial_shops,
          nicolae_shop_crystal
Vaults:2: minmay_crypt_entry_skeletal_spiral, v_misc_10,
          nicolae_vaults_network_square, vaults_room_grunt_arrival_checkpoint,
          nicolae_vaults_three_branches, serial_shops, nicolae_shop_stone,
          uniq_frederick
Vaults:3: ontoclasm_vaults_misaligned, v_alt_pattern_4,
          nicolae_vaults_statue_guard, v_misc_29, hangedman_vaults_cutoff,
          v_alt_pattern_3, dpeg_vaults_monster_row, vaults_dpeg_spiral,
          grunt_vaults_hallway_short, hangedman_vaults_restitches,
          vaults_dpeg_diagonal
Vaults:4: v_misc_13, ontoclasm_vaults_decontamination,
          nicolae_vaults_network_quinsquares, nicolae_vaults_what_the_h,
          ontoclasm_vaults_claustrophobia, nicolae_vaults_border_crossing,
          hangedman_vaults_stream, vaults_room_door_ring, v_misc_22,
          vaults_mumra_chevron, hangedman_vaults_variations,
          hangedman_vaults_trim, nicolae_vaults_an_arrangement,
          vaults_dpeg_cross
Vaults:5: uniq_margery
Lab:      nicolae_lab_dead_adventurers, lab_statue, labyrinth_glass_1,
          nicolae_lab_blocks, nicolae_lab_dead_end, nicolae_lab_flowing_pool,
          nicolae_lab_swirl, labyrinth_baited_teleportation_trap,
          nicolae_lab_arrow
Ossuary:  ossuary_tomb_3
IceCv:    ice_cave_tombish

Skill      XL: |  1  2  3  4  5  6  7  8  9 10 11 12 13 14 15 16 17 18 19 20 21 22 23 24 25 |
---------------+----------------------------------------------------------------------------+-----
Stealth        | 1 2 3 4 5 6 8 9 |  9.0
Dodging        | 1 2 3 4 5 6 7 8 9 10 | 10.9
Long Blades    | 3 4 5 6 7 8 9 |  9.1
Shields        | 4 5 6 7 9 10 11 12 13 14 15 16 17 | 17.9
Armour         | 4 5 6 7 8 9 10 11 12 13 14 | 14.3
Fighting       | 4 5 6 7 8 9 10 11 12 13 14 15 16 17 | 17.4
Throwing       | 1 2 |  2.8
Invocations    | 2 4 5 6 7 8 |  8.4
Spellcasting   | 2 4 6 7 8 |  8.9
Earth Magic    | 2 5 7 8 |  8.7
Axes           | 4 8 10 12 14 15 16 17 18 19 20 21 22 | 22.2
Crossbows      | 2 4 6 7 8 9 10 11 12 | 12.0
Evocations     | 3 5 6 7 8 9 10 | 10.1
Charms         | 1 3 |  3.6
Unarmed Combat | |  0.6

Action                   |  1- 3 |  4- 6 |  7- 9 | 10-12 | 13-15 | 16-18 | 19-21 | 22-24 | 25-27 || total
-------------------------+-------+-------+-------+-------+-------+-------+-------+-------+-------++-------
Melee: Long sword        |    78 |   165 |   352 |   282 |       |       |       |       |       ||   877
       Battleaxe         |       |       |       |   468 |  1410 |   219 |       |       |       ||  2097
       Unarmed           |       |       |       |    11 |       |       |       |       |       ||    11
       Flail             |       |       |       |       |     6 |       |       |       |       ||     6
       Scimitar          |       |       |       |       |    16 |    48 |       |       |       ||    64
       Executioner's axe |       |       |       |       |       |  1056 |  1118 |  1066 |   159 ||  3399
 Fire: Hand crossbow     |       |       |       |       |    17 |   384 |    14 |       |       ||   415
       Arbalest          |       |       |       |       |       |       |   170 |   308 |       ||   478
       Triple crossbow   |       |       |       |       |       |       |       |       |     3 ||     3
Throw: Javelin           |    11 |     3 |    10 |     2 |    57 |       |       |       |       ||    83
       Tomahawk          |       |       |    12 |    28 |       |       |       |       |       ||    40
       Throwing net      |       |       |       |       |     4 |       |       |       |       ||     4
 Cast: Swiftness         |       |       |       |       |       |       |       |     3 |       ||     3
       Infusion          |       |       |       |       |       |       |       |     1 |     1 ||     2
Invok: Heroism           |       |       |     1 |    12 |    13 |    11 |     7 |    11 |     2 ||    57
       Finesse           |       |       |       |     1 |     2 |     1 |     1 |     3 |     1 ||     9
 Abil: Dig               |       |     1 |       |     6 |     1 |       |       |       |       ||     8
       Shaft Self        |       |       |       |     1 |       |       |       |       |       ||     1
       Evoke Invisibilit |       |       |       |       |       |       |       |     1 |       ||     1
Evoke: Wand              |       |       |       |     8 |     3 |       |       |       |       ||    11
       Box of beasts     |       |       |       |     1 |       |       |       |     1 |       ||     2
       Sack of spiders   |       |       |       |       |       |       |       |     2 |       ||     2
  Use: Scroll            |       |    10 |     1 |    10 |    12 |    10 |     6 |    20 |     1 ||    70
       Potion            |       |     6 |     2 |     9 |       |     2 |     3 |     9 |     6 ||    37
 Stab: Sleeping          |       |       |     1 |     2 |    20 |       |       |     4 |       ||    27
       Distracted        |       |       |       |     1 |     3 |       |       |     4 |     1 ||     9
       Confused          |       |       |       |       |     1 |       |       |       |       ||     1
       Invisible         |       |       |       |       |       |       |    10 |    40 |    24 ||    74
  Eat: Chunk             |     2 |     7 |    13 |    29 |    45 |    27 |    25 |    15 |     1 ||   164
       Royal jelly       |       |       |     1 |     1 |       |       |       |       |       ||     2
       Fruit             |       |       |       |     1 |       |       |     2 |     8 |       ||    11
       Meat ration       |       |       |       |       |       |     1 |       |     2 |       ||     3
       Bread ration      |       |       |       |       |       |       |       |     2 |       ||     2
Armor: Scale mail        |    34 |    60 |       |       |   115 |       |       |       |       ||   209
       Skin              |       |     8 |       |       |       |       |       |       |       ||     8
       Ring mail         |       |       |    68 |    48 |       |       |       |       |       ||   116
       Plate armour      |       |       |       |   179 |    43 |       |       |       |       ||   222
       Crystal plate arm |       |       |       |       |   250 |  1253 |   545 |   168 |       ||  2216
       Shadow dragon sca |       |       |       |       |       |       |       |   244 |    47 ||   291
Dodge: Dodged            |    29 |    66 |   141 |   361 |   330 |   477 |   266 |   363 |    63 ||  2096
Block: Shield            |    38 |    94 |   151 |   184 |     2 |  1823 |  1264 |  1196 |   192 ||  4944
       Large shield      |       |       |       |   438 |  1340 |   515 |       |       |       ||  2293
       Reflection        |       |       |       |       |    22 |    13 |    84 |   123 |     3 ||   245
       Rpst.: Long sword |     8 |    25 |    46 |    37 |       |       |       |       |       ||   116
       Scimitar          |       |       |       |       |     2 |       |       |       |       ||     2
